AoeStats
← asasa137

Golden Pit

508932683Analyzed
1v1 RM · 6d ago on Sep 24, 2026· 50m 54s· 2 players
Game mode
Random Map
Map size
Tiny (2 player)
Population
200
Speed
Normal
Resources
Standard
Victory
Conquest
Starting age
Dark Age
Ending age
Imperial Age
RankedLock teamsTeams togetherTeam positionsShared explorationLock speedFull tech treeHidden civsTurbo modeCheats
Victory
Defeat
🇹🇷 Franks · Türkiye
923
+19
🇧🇪 Wei · Belgium
983
-19
Jason
10:59 Feudal Age
10:25 Loom
12:28 Man-at-Arms
19:50 Double-Bit Axe
27:19 Castle Age
25:19 Fletching
25:32 Padded Archer Armor
29:42 Forging
29:33 Scale Mail Armor
29:05 Pikeman
30:43 Crossbowman
31:45 Squires
39:46 Imperial Age
37:31 Bodkin Arrow
37:39 Gambesons
37:40 Arson
39:23 Wheelbarrow
41:03 Ballistics
41:44 Chemistry
40:41 Murder Holes
40:32 Arrowslits
42:37 Iron Casting
42:18 Chain Mail Armor
49:34 Hand Cart
asasa137
9:45 Feudal Age
10:17 Man-at-Arms
11:14 Loom
13:34 Double-Bit Axe
22:02 Town Watch
24:31 Castle Age
25:44 Husbandry
37:23 Ballistics
37:02 Murder Holes
37:28 Ballistics
38:10 Horse Collar
38:46 Thumb Ring
41:22 Fletching
41:32 Padded Archer Armor
44:18 Bodkin Arrow
Connection lost

Rejoining the realm…

Still unreachable

The connection could not be restored.

Session expired

The server has moved on; the page needs a fresh start.